 Dungeon Crawl Stone Soup version bcrawl-1.37.2 (webtiles) character file.

Game seed: 14518533606628119902

118863 Coyote68 the Grave Robber (level 3, 19/19 HPs)
             Began as a Skeleton Necromancer on Nov 23, 2022.
             Was an Initiate of Yredelemnul.
             Quit the game on level 2 of the Dungeon.
             The game lasted 00:05:29 (1633 turns).

Coyote68 the Grave Robber (Skeleton Necromancer)    Turns: 1633, Time: 00:05:30

Health: 19/19      AC:  4    Str: 14    XL:     3   Next: 82%
Magic:  8/8        EV: 12    Int: 14    God:    Yredelemnul [......]
Gold:   88         SH:  0    Dex:  9    Spells: 5/9 levels left

rFire    . . .     GDR:     21% a - +0 dagger (pain)
rCold    + . .     SeeInvis .   (no shield)
rNeg     + + +     Gourm    .   b - +0 robe
rPois    ∞         Faith    .   (no helmet)
rElec    .         Spirit   +   e - +0 cloak
rCorr    .         Reflect  .   g - +0 pair of gloves
MR       .....                  (no boots)
Stlth    ++........             (no amulet)
HPRegen  0.13/turn              (no ring)
MPRegen  0.11/turn              (no ring)

@: no status effects
A: no food or potions, cold resistance 1, deterioration 1, negative energy
resistance 3, torment resistance, unbreathing, magic shield, sturdy frame 1,
spell healing
a: Renounce Religion


You were on level 2 of the Dungeon.
You worshipped Yredelemnul.
Yredelemnul was noncommittal.
You were not hungry.

You visited 1 branch of the dungeon, and saw 2 of its levels.

You collected 88 gold pieces.

Inventory:

Hand Weapons
 a - a +0 dagger of pain (weapon)
 k - a +0 vampiric spear
Armour
 b - a +0 robe (worn)
 e - a +0 cloak (worn)
 g - a +0 pair of gloves (worn)
Scrolls
 c - 2 scrolls of magic mapping {unknown}
 d - a scroll of teleportation {unknown}
 f - 3 scrolls of immolation {unknown}
 h - 2 scrolls of remove curse {unknown}
 i - 3 scrolls of identify
 j - a scroll of enchant armour {unknown}


   Skills:
 + Level 0.1 Fighting
 + Level 2.0 Dodging
 + Level 2.5 Stealth
 + Level 3.9 Spellcasting
 + Level 5.5 Necromancy


You had 5 spell levels left.
You knew the following spells:

 Your Spells              Type           Power        Failure   Level  Hunger
a - Necrotize             Necr           ###...       1%          1    N/A
b - Vampiric Draining     Necr           ###.......   6%          3    N/A

Your spell library contained the following spells:

 Spells                   Type           Power        Failure   Level  Hunger
 Agony                    Necr           ###.....     21%         4    N/A
 Animate Dead             Necr           N/A          21%         4    N/A
 Dispel Undead            Necr           ###.....     50%         5    N/A

Dungeon Overview and Level Annotations

Branches:
Dungeon (2/12)

Altars:
Ashenzari
Makhleb
Sif Muna
Uskayaw
Yredelemnul


Innate Abilities, Weirdness & Mutations

You do not eat or drink.
You are immune to poison.
Your flesh is cold resistant. (rC+)
Your body sometimes deteriorates upon taking damage.
You are immune to negative energy. (rN+++)
You are immune to unholy pain and torment.
You can survive without breathing.
When hurt, damage is shared between your health and your magic reserves.
Your movements are slightly less encumbered by armour. (ER -2)
Casting spells heals you.


Message History

The orc turns into a zombie!
You swap places.
Found a shattered altar of Ashenzari.
You see here a glowing spear.
k - a glowing spear
Found three altars.
Found a burning altar of Makhleb.
You see here 134 arrows.
Found a glowing silver altar of Zin.
There is a glowing silver altar of Zin here.
You kneel at the altar of Zin.
Zin does not accept worship from those such as you!
There is a shimmering blue altar of Sif Muna here.
There is a hide-covered altar of Uskayaw here.
You swap places.
There is a white marble altar of Elyvilon here.
There is a shattered altar of Ashenzari here.
Partly explored, can't reach some items.
Partly explored, can't reach some items.
Are you sure you want to abandon this character and quit the game? (Confirm with "yes".)

........#####.##
#......# ######
...#...## #..#
#......#
########
##.###########
#.#⌠#.#_#.#_##
#.8.#.#.#.#..#
#.....Z......#
#......M...._#
##8.#.#.#.#._#
##@###_#⌠####
### #####


There were no monsters in sight!

Vanquished Creatures
  2 oozes
  2 dart slugs
  A leopard gecko (D:1)
  An orc (D:2)
  A giant cockroach (D:1)
  4 goblins
  3 hobgoblins
  2 jackals (D:1)
  2 quokkas (D:1)
  7 bats
  A frilled lizard (D:2)
  4 kobolds (D:1)
  6 rats
36 creatures vanquished.

Vanquished Creatures (collateral kills)
  A leopard gecko (D:1)
  2 giant cockroaches (D:1)
  3 kobolds (D:2)
  2 ball pythons (D:2)
8 creatures vanquished.

Grand Total: 44 creatures vanquished

Notes
Turn   | Place    | Note
-------+----------+-------------------------------------------
     0 | D:1      | Coyote68 the Skeleton Necromancer began the quest for the
                  | Orb.
     0 | D:1      | Reached XP level 1. HP: 10/10 MP: 4/4
   125 | D:1      | Reached XP level 2. HP: 15/15 MP: 3/6
   208 | D:1      | Reached skill level 5 in Necromancy
   413 | D:1      | Reached XP level 3. HP: 19/19 MP: 1/8
   673 | D:1      | Learned a level 3 spell: Vampiric Draining
  1116 | D:2      | Found a basalt altar of Yredelemnul.
  1157 | D:2      | Became a worshipper of Yredelemnul the Dark
  1589 | D:2      | Found a shattered altar of Ashenzari.
  1601 | D:2      | Found a shimmering blue altar of Sif Muna.
  1601 | D:2      | Found a hide-covered altar of Uskayaw.
  1601 | D:2      | Found a white marble altar of Elyvilon.
  1602 | D:2      | Found a burning altar of Makhleb.
  1606 | D:2      | Found a glowing silver altar of Zin.
  1633 | D:2      | Quit the game

Skill      XL: |  1  2 |
---------------+-------+-----
Necromancy     | 5 |  5.5
Fighting       | |  0.1
Dodging        | |  2.0
Stealth        | |  2.5
Spellcasting   | |  3.9

Action                   || total
-------------------------++-------
Melee: Dagger            ||    17
 Cast: Necrotize         ||    63
 Stab: Distracted        ||     1
Armor: Robe              ||    10
Dodge: Dodged            ||    36
